 Dungeon Crawl Stone Soup version 0.25.0-9-g26727b657a (webtiles) character file.

Game seed: 11915097311880379165

149 mopl the Shooter (level 5, 0/46 HPs)
             Began as a Centaur Hunter on June 16, 2020.
             Slain by an adder (3 damage)
             ... on level 3 of the Dungeon.
             The game lasted 00:02:29 (2442 turns).

mopl the Shooter (Centaur Hunter)                   Turns: 2442, Time: 00:02:30

Health: 0/46       AC:  4    Str: 16    XL:     5   Next: 9%
Magic:  5/5        EV:  8    Int: 10    God:
Gold:   152        SH:  0    Dex:  9    Spells: 4/4 levels left

rFire    . . .     SeeInvis .   b - +0 short sword
rCold    . . .     Gourm    .   (no shield)
rNeg     . . .     Faith    .   o - -1 ring mail (curse)
rPois    .         Spirit   .   (no helmet)
rElec    .         Reflect  .   (no cloak)
rCorr    .         Harm     .   (no gloves)
MR       .....                  (no barding)
Stlth    ..........             (no amulet)
HPRegen  0.15/turn              (no ring)
MPRegen  0.09/turn              (no ring)

@: lethally poisoned (0 -> -13), very quick
A: large, hooves 3, deformed body, speed 2, tough skin 3
a: no special abilities


You were on level 3 of the Dungeon.
You were not hungry.

You visited 1 branch of the dungeon, and saw 3 of its levels.

You collected 152 gold pieces.

Inventory:

Hand Weapons
 a - a +1 shortbow
 b - a +0 short sword (weapon)
Missiles
 d - 33 arrows
 e - 3 poisoned darts (quivered)
Armour
 k - a +1 robe of magic resistance
 n - a +1 ring mail
 o - a cursed -1 ring mail (worn)
Scrolls
 c - 2 scrolls of teleportation
 h - a scroll of fog
 i - 3 scrolls of identify
 j - a scroll of enchant armour
 p - 3 scrolls of fear
Potions
 l - a potion of heal wounds
Comestibles
 f - 7 rations
 q - 3 chunks of flesh


   Skills:
 + Level 4.0 Fighting
 + Level 7.0 Bows
 - Level 1.3 Dodging
 - Level 0.4 Stealth


You had 4 spell levels left.
You didn't know any spells.
Your spell library was empty.

Dungeon Overview and Level Annotations

Branches:
Dungeon (3/15)

Altars:
Xom


Innate Abilities, Weirdness & Mutations

You have hooves in place of feet.
Armour fits poorly on your strangely shaped body.
You cover ground very quickly.
You have extremely tough skin. (AC +3)


Message History

The adder is lightly wounded.
* * * LOW HITPOINT WARNING * * *
You feel sick. The adder bites you but does no damage.
The adder barely misses you.
You hit the adder. Your kick misses the adder.
The adder is moderately wounded.
* * * LOW HITPOINT WARNING * * *
You feel sick. The adder barely misses you.
You closely miss the adder.
The adder is moderately wounded.
* * * LOW HITPOINT WARNING * * *
You feel sick. The adder closely misses you. The adder bites you.
* * * LOW HITPOINT WARNING * * *
You are more poisoned.
The adder poisons you!
You miss the adder.
The adder is moderately wounded.
* * * LOW HITPOINT WARNING * * *
You feel sick. The adder bites you.
You die...

,,,*** *,,* *.........** *,,
,,,,,*****#.** ####.......!,***,*
,,,*,,,,,,...*##.>...#..#..,*,,,*
,,,*******,#.##...........#,,,,,,
**** *,#............#..,,****
**********,###.............,,*
,,,,,,,,#,,* #....)........*,****
,,,,,,,,#.####.............*,,*,,
,..............S@.......##.,,,,,,
........#...............#**,,,,,,
........#.####.!........#,,,***,,
........#.###.............*****,,
........#.##...............,,,*,,
...........................,,,*,*
......................#...,,,,*,*
**##.................##..,,,,,,,,
###.รท##..........#####******,,,,,


You could see an adder.

Vanquished Creatures
  2 jellies (D:2)
  Jessica (D:2)
  An adder (D:2)
  A worm (D:2)
  3 dart slugs
  A leopard gecko (D:3)
  A bat (D:3)
  2 giant cockroaches (D:3)
  5 goblins
  8 hobgoblins
  An iguana (D:2)
  6 jackals (D:2)
  A quokka (D:2)
  2 frilled lizards
  5 kobolds
  3 rats
43 creatures vanquished.

Notes
Turn   | Place    | Note
-------+----------+-------------------------------------------
     0 | D:1      | mopl the Centaur Hunter began the quest for the Orb.
     0 | D:1      | Reached XP level 1. HP: 17/17 MP: 1/1
   559 | D:1      | Reached XP level 2. HP: 14/25 MP: 2/2
  1189 | D:2      | Found a shimmering altar of Xom.
  1213 | D:2      | Reached skill level 6 in Bows
  1213 | D:2      | Reached XP level 3. HP: 4/30 MP: 3/3
  1221 | D:2      | HP: 1/30 [poisoned by an adder]
  1930 | D:2      | Reached XP level 4. HP: 35/39 MP: 4/4
  2033 | D:2      | Noticed Jessica
  2060 | D:2      | Killed Jessica
  2270 | D:3      | Reached skill level 7 in Bows
  2274 | D:3      | Reached XP level 5. HP: 15/46 MP: 5/5
  2442 | D:3      | Slain by an adder

Illustrated notes

Levels and vault maps discovered:
D:1:      minmay_arrival_widening_spiral_narrow, layout_loops_cross
D:2:      layout_rooms, dk_xom_monty_hall, uniq_jessica
D:3:      layout_rooms, first_ration

Skill      XL: |  1  2  3  4  5 |
---------------+----------------+-----
Bows           | 6 7 |  7.0
Fighting       | 3 4 |  4.0
Dodging        | |  1.3
Stealth        | |  0.4

Action                   |  1- 3 |  4- 6 || total
-------------------------+-------+-------++-------
Melee: Short sword       |    75 |    89 ||   164
       Kick              |    23 |    12 ||    35
 Fire: Shortbow          |     5 |       ||     5
  Use: Scroll            |       |     8 ||     8
       Potion            |       |     1 ||     1
  Eat: Chunk             |     2 |     2 ||     4
Armor: Leather armour    |     4 |       ||     4
       Ring mail         |    23 |    57 ||    80
Dodge: Dodged            |    46 |    49 ||    95
